 Dungeon Crawl Stone Soup version 0.22-a0-3-g4fa69d9a97 (webtiles) character file.

61 Manul the Ducker (level 3, -6/20 HPs)
             Began as a Spriggan Abyssal Knight on Jan 1, 2018.
             Was a Follower of Lugonu.
             Killed from afar by a starcursed mass (7 damage)
             ... with an accursed screaming
             ... on level 3 of the Abyss.
             The game lasted 00:02:01 (291 turns).

Manul the Ducker (Spriggan Abyssal Knight)           Turns: 291, Time: 00:02:02

Health: -6/20      AC:  2    Str:  8    XL:     3   Next: 83%
Magic:  5/5        EV: 18    Int: 13    God:    Lugonu [*.....]
Gold:   41         SH:  0    Dex: 12    Spells: 2/2 levels left

rFire    . . .     SeeInvis +   a - +1 short sword
rCold    . . .     Gourm    .   (shield restricted)
rNeg     . . .     Faith    .   b - +0 robe
rPois    .         Spirit   .   (helmet restricted)
rElec    .         Reflect  .   (no cloak)
rCorr    .         Harm     .   (gloves unavailable)
MR       .....                  (boots unavailable)
Stlth    ++........             (no amulet)
HPRegen  0.00/turn              (no ring)
MPRegen  0.09/turn              (no ring)

@: non-regenerating, mildly diseased, very quick
A: very small, unfitting armour, see invisible, [clumsy 2], herbivore, speed 3,
[screaming 2], slow metabolism 2, [subdued magic 2]
a: Depart the Abyss, Renounce Religion


You were on level 3 of the Abyss.
You worshipped Lugonu.
Lugonu was aware of your devotion.
You were not hungry.

You visited 0 branches of the dungeon, and saw 0 of its levels.
You visited the Abyss 1 time.

You collected 41 gold pieces.

Inventory:

Hand Weapons
 a - a +1 short sword (weapon)
 e - a +2 hand axe of chopping
Armour
 b - a +0 robe (worn)
Books
 d - a book of Maledictions

   Spells                             Type                      Level
   a - Corona                         Hexes                        1
   b - Ensorcelled Hibernation        Hexes/Ice                    2
   c - Confuse                        Hexes                        3
   d - Tukima's Dance                 Hexes                        3
   e - Dazzling Spray                 Conjuration/Hexes            3
Comestibles
 c - 2 rations


   Skills:
 + Level 3.5 Fighting
 - Level 2.1 Short Blades
 - Level 3.5 Dodging
 * Level 3.1 Stealth
 - Level 1.7 Invocations


You had 2 spell levels left.
You didn't know any spells.

Dungeon Overview and Level Annotations

Branches:
Dungeon (0/15)

Altars:


Innate Abilities, Weirdness & Mutations

You are very small and have problems with some larger weapons.
You are too small for most types of armour.
You have supernaturally acute eyesight. (SInv)
You are a herbivore.
You cover ground extremely quickly.
You need consume almost no food.
[You are very clumsy. (Dex -4)]
[You sometimes yell uncontrollably at your foes.]
[Your spells are easier to cast, but less powerful.]


Message History

Okay, then.
You aren't carrying any potions.
A golden eye comes into view.
A small abomination comes into view.
The golden eye looks sick.
A large abomination comes into view.
A small abomination comes into view.
A starcursed mass and a wretched star come into view.
The wretched star pulses with an eldritch light!
Your connection to magic feels subdued.
Your connection to magic feels more subdued.
You feel clumsy. x2
Found a troll corpse.
A starcursed mass splits.
A starcursed mass splits.
An earth elemental comes into view.
The wretched star pulses with an eldritch light!
You feel the urge to shout.
You feel a strong urge to yell. A chorus of shrieks assaults your mind.
You die...

.. .. .## ... ..#
....##.## #.## ##
..#...###...#
##.#......#E..
.#...#......
....#.....#
...X.....@# ..
X.##.#.## .#
†..#...#...## ...
..##.#......#....
##....#.........
#..#......#....
..#.##.*.###...#
.#.# .#.## #.## #
## ###.....# ..#


You could see 2 starcursed masses, a wretched star and an earth elemental.

Vanquished Creatures (collateral kills)
  A small abomination (Abyss:3)
1 creature vanquished.

Notes
Turn   | Place    | Note
-------+----------+-------------------------------------------
     0 | Abyss:1  | Manul the Spriggan Abyssal Knight began the quest for the Orb.
     0 | Abyss:1  | Reached XP level 1. HP: 11/11 MP: 3/3
    20 | Abyss:1  | Found a corrupted altar of Lugonu.
    49 | Abyss:2  | Noticed a small abomination
    93 | Abyss:3  | Noticed a small abomination
   115 | Abyss:3  | Noticed a small abomination
   117 | Abyss:3  | Noticed a starcursed mass
   175 | Abyss:3  | Noticed a spatial vortex
   176 | Abyss:3  | Noticed a spatial vortex
   178 | Abyss:3  | Noticed a spatial vortex
   181 | Abyss:3  | Noticed a spatial vortex
   186 | Abyss:3  | Noticed a small abomination
   186 | Abyss:3  | Killed a small abomination
   186 | Abyss:3  | Reached XP level 2. HP: 2/16 MP: 4/4
   186 | Abyss:3  | Reached XP level 3. HP: 3/20 MP: 5/5
   222 | Abyss:3  | Noticed a raiju
   222 | Abyss:3  | Noticed a raiju
   232 | Abyss:3  | Noticed a small abomination
   236 | Abyss:3  | Noticed an ancient zyme
   242 | Abyss:3  | HP: 1/20 [ancient zyme (3)]
   251 | Abyss:3  | Found a basalt altar of Yredelemnul.
   256 | Abyss:3  | Noticed a golden eye
   256 | Abyss:3  | Noticed a small abomination
   263 | Abyss:3  | Noticed a large abomination
   273 | Abyss:3  | Noticed a large abomination
   276 | Abyss:3  | Noticed a small abomination
   283 | Abyss:3  | Noticed a starcursed mass
   283 | Abyss:3  | Noticed a wretched star
   290 | Abyss:3  | Noticed an earth elemental
   291 | Abyss:3  | Killed from afar by a starcursed mass

Vault maps used:
Abyss:1:  hangedman_abyss_theft
Abyss:2:  hangedman_abyss_exit_choices, minivault_13
Abyss:3:  hangedman_relentless_pull, minivault_19

Skill      XL: |  1 |
---------------+----+-----
Fighting       | 3 |  3.5
Stealth        | 3 |  3.1
Short Blades   | |  2.1
Dodging        | |  3.5
Invocations    | |  1.7

Action                   || total
-------------------------++-------
Melee: Short sword       ||     6
  Use: Scroll            ||     2
Dodge: Dodged            ||     8

Table legend:
 A = Spawn XP
 B = Non-spawn XP
 C = Spawn XP percentage of total XP
 D = Spawn monster count
 E = Non-spawn monster count
 F = Spawn count percentage of total count
 G = Total turns spent on level
                    A         B        C        D         E        F      G
               +---------+---------+-------+---------+---------+-------+---------
         Total |      88 |       0 | 100.0 |       1 |       0 | 100.0 |   291
               +---------+---------+-------+---------+---------+-------+---------
       Abyss:3 |      88 |       0 | 100.0 |       1 |       0 | 100.0 |   228
               +---------+---------+-------+---------+---------+-------+---------
